 Dungeon Crawl Stone Soup version 0.29.0 (webtiles) character file.

Game seed: 4951676443094080120

55138 Renzlar the Blocker (level 14, -5/114 HPs)
             Began as a Gnoll Fighter on Aug 24, 2022.
             Was the Champion of Okawaru.
             Killed from afar by an orc sorcerer (22 damage)
             ... with a bolt of fire
             ... on level 2 of the Orcish Mines.
             The game lasted 01:31:46 (17184 turns).

Renzlar the Blocker (Gnoll Fighter)                Turns: 17184, Time: 01:31:47

Health: -5/114     AC: 16    Str: 18    XL:     14   Next: 76%
Magic:  27/27      EV: 15    Int:  9    God:    Okawaru [******]
Gold:   1376       SH: 20    Dex: 13    Spells: 22/32 levels left

rFire   . . .      SeeInvis +   a - +5 broad axe (venom)
rCold   . . .      Faith    .   Q - +1 kite shield of Sunlight {SInv}
rNeg    + + .      Spirit   .   N - +1 scale mail of Nivos {*Corrode Fly rPois Regen+}
rPois   +          Reflect  +   V - +2 helmet {SInv}
rElec   .          Harm     .   o - +1 cloak of Somewhere Else {rN++ Regen+}
rCorr   .          Rampage  .   (no gloves)
Will    +....                   G - +1 pair of boots
Stlth   ++++......              s - amulet of reflection
HPRegen 1.89/turn               j - +4 ring of slaying
MPRegen 0.20/turn               O - +4 ring of slaying

@: heroic, corroded, flying
A: fangs 1, strong nose, distributed training
a: Renounce Religion, Heroism, Finesse, Duel


You were on level 2 of the Orcish Mines.
You worshipped Okawaru.
Okawaru was exalted by your worship.
You visited 3 branches of the dungeon, and saw 19 of its levels.
You also visited: Bailey.

You collected 2083 gold pieces.
You spent 707 gold pieces at shops.

Inventory:

Hand Weapons
 a - a +5 broad axe of venom (weapon)
 c - a +0 sling
 e - the +7 mace of the Wasp {flame, SInv}
   (You bought it in a shop on level 9 of the Dungeon)

   It burns those it strikes, dealing additional fire damage.
   SInv:      It lets you see invisible.
 l - the +9 short sword of Intuition {holy, Will++ Str-3}
   (Okawaru gifted it to you on level 2 of the Lair of Beasts)

   It has been blessed by the Shining One to cause great damage to the undead
   and demons.
   Str:       It affects your strength (-3).
   Will:      It greatly increases your willpower.
 m - the +7 rapier of Okawaru, Enchanting {vorpal, *Rage rF- Str+2 Int+8}
   (Okawaru gifted it to you on level 3 of the Lair of Beasts)

   It inflicts extra damage upon your enemies.
   Str:       It affects your strength (+2).
   Int:       It affects your intelligence (+8).
   rF:        It makes you vulnerable to fire.
   *Rage:     It berserks you when you make melee attacks (+20% chance).
 y - the +10 trident "Dragon's Undoing" {vamp, rElec rN++}
   (You acquired it on level 10 of the Dungeon)

   It occasionally heals its wielder for a portion of the damage dealt when it
   wounds a living foe.
   rElec:     It insulates you from electricity.
   rN:        It greatly protects you from negative energy.
 S - a +4 scimitar of flaming
Missiles
 t - 15 poisoned darts (quivered)
 K - 3 curare-tipped darts
 T - a throwing net
Armour
 o - the +1 cloak of Somewhere Else (worn) {rN++ Regen+}
   (You acquired it on level 4 of the Dungeon)

   rN:        It greatly protects you from negative energy.
   Regen:     It increases your rate of health regeneration.
 u - the +4 skin of Zhor {*Englaciate rC+++ SInv}
   (You found it on level 4 of the Lair of Beasts)

   It radiates cold, occasionally slowing all nearby creatures who are not
   resistant to cold.
   rC:        It renders you almost immune to cold.
   SInv:      It lets you see invisible.
 G - a +1 pair of boots (worn)
 N - the +1 scale mail of Nivos (worn) {*Corrode Fly rPois Regen+}
   (You found it on level 3 of the Lair of Beasts)

   rPois:     It protects you from poison.
   Fly:       It grants you flight.
   Regen:     It increases your rate of health regeneration.
   *Corrode:  It may corrode you when you take damage.
 Q - the +1 kite shield of Sunlight (worn) {SInv}
   (Okawaru gifted it to you on level 5 of the Lair of Beasts)

   SInv:      It lets you see invisible.
 V - a +2 helmet of see invisible (worn)
Jewellery
 j - a +4 ring of slaying (left hand)
 s - an amulet of reflection (around neck)
 x - a ring of poison resistance
 O - a +4 ring of slaying (right hand)
 U - a ring of willpower
Wands
 v - a wand of acid (18)
 I - a wand of mindburst (8)
 M - a wand of digging (3)
Scrolls
 b - a scroll of magic mapping
 d - 5 scrolls of teleportation
 f - 6 scrolls of identify
 k - a scroll of fear
 r - 4 scrolls of amnesia
 C - a scroll of enchant armour
 E - 5 scrolls of blinking
 P - a scroll of silence
Potions
 g - 5 potions of lignification
 h - 2 potions of heal wounds
 i - a potion of ambrosia
 n - 11 potions of curing
 p - a potion of cancellation
 q - a potion of resistance
 z - 2 potions of invisibility
 A - 3 potions of berserk rage
 B - a potion of haste
 D - 2 potions of might
 F - 2 potions of flight
 J - 2 potions of mutation
 R - a potion of brilliance
Miscellaneous
 H - a lightning rod (4/4)


   Skills:
 + Level 11.7(16.7) Fighting
 + Level 9.8(14.8) Short Blades
 + Level 9.8(14.8) Long Blades
 + Level 10.9(15.9) Axes
 + Level 9.8(14.8) Maces & Flails
 + Level 9.8(14.8) Polearms
 + Level 9.8(14.8) Staves
 + Level 9.8(14.8) Ranged Weapons
 + Level 9.8(14.8) Throwing
 + Level 11.7(16.7) Armour
 + Level 9.8(14.8) Dodging
 + Level 9.8(14.8) Stealth
 + Level 11.7(16.7) Shields
 + Level 9.8(14.8) Unarmed Combat
 + Level 9.8 Spellcasting
 + Level 8.2 Conjurations
 + Level 8.2 Hexes
 + Level 8.2 Summonings
 + Level 8.2 Necromancy
 + Level 8.2 Translocations
 + Level 8.2 Transmutations
 + Level 8.2 Fire Magic
 + Level 8.2 Ice Magic
 + Level 8.2 Air Magic
 + Level 8.2 Earth Magic
 + Level 8.2 Poison Magic
 + Level 10.7 Invocations
 + Level 9.8 Evocations


You had 22 spell levels left.
You knew the following spells:

 Your Spells              Type           Power      Damage    Failure   Level
a - Frozen Ramparts       Ice            38%        1d6       5%          3
b - Portal Projectile     Hex/Tloc       38%        N/A       5%          3
c - Anguish               Hex/Necr       9%         N/A       19%         4

Your spell library contained the following spells:

 Spells                   Type           Power      Damage    Failure   Level
 Ensorcelled Hibernation  Hex/Ice        38%        N/A       2%          2
 Poisonous Vapours        Pois/Air       38%        N/A       2%          2
 Searing Ray              Conj           38%        2d5       2%          2
 Spider Form              Tmut/Pois      19%        N/A       5%          3
 Ice Form                 Ice/Tmut       19%        N/A       19%         4
 Leda's Liquefaction      Hex/Erth       9%         N/A       19%         4
 Blade Hands              Tmut           9%         N/A       45%         5
 Fireball                 Conj/Fire      9%         3d6       45%         5
 Iskenderun's Battlesphe  Conj           19%        2d7       45%         5
 Lightning Bolt           Conj/Air       9%         1d22      45%         5
 Conjure Ball Lightning   Conj/Air       9%         3x3d6     95%         6
 Iron Shot                Conj/Erth      9%         9d3       95%         6
 Orb of Destruction       Conj           9%         9d6       100%        7
 Call Canine Familiar     Summ           Unusable   N/A       N/A         3
 Animate Armour           Summ/Erth      Unusable   N/A       N/A         4
 Summon Ice Beast         Ice/Summ       Unusable   N/A       N/A         4

Dungeon Overview and Level Annotations

Branches:
Dungeon (12/15)            Temple (0/1) D:5            Lair (5/5) D:9
 Shoals (0/4) Lair:2       Spider (0/4) Lair:3        Slime (0/5) Lair:4
    Orc (2/2) D:12            Elf (0/3) Orc:2        Bailey (visited)

Altars:
Ashenzari
Elyvilon
Fedhas
Makhleb
Nemelex Xobeh
Okawaru
Qazlal
Ru
Sif Muna
Uskayaw
Xom
The Shining One

Shops:
D:1 :   D:5 (   D:9 (!([   D:10 *

Annotations:
D:10 1 transporter


Innate Abilities, Weirdness & Mutations

You have very sharp teeth.
Your uncanny sense of smell can sniff out nearby items.
Your experience applies equally to all skills.


Message History

You block the orc warlord's attack.
You hear a shout!
Unknown command.
You feel much better.
The orc high priest looks even sicker.
The orc knight hits you with a +3 broad axe!!
* * * LOW HITPOINT WARNING * * *
The orc warlord roars a battlecry!
The orcs go into a battle-frenzy!
You hear a shout!
Unknown command.
Unknown command.
You slice the orc high priest!!
The orc high priest looks as sick as possible!
The orc high priest is severely wounded.
You slash the ice devil! You slash the orc knight!
The orc knight looks as sick as possible!
You hear a shout! x2
The orc high priest closely misses you.
The orc knight roars a battlecry!
The orc warlord goes into a battle-frenzy!
The orc warlord closely misses you. You block the ice devil's attack.
Unknown command.
Unknown command.
You slice the orc high priest!!
You kill the orc high priest!
Okawaru accepts your kill.
You slash the ice devil!
You hit the orc knight but do no damage.
The orc knight looks as sick as possible!
The orc warrior no longer looks unusually strong.
The orc knight closely misses you. The orc warlord closely misses you.
You block the ice devil's attack.
Unknown command.
Unknown command.
You completely miss the orc knight.
The orc knight is heavily wounded.
You hit the ice devil but do no damage. You block the ice devil's attack.
The orc sorcerer points at you and mumbles some strange words.
The bolt of fire hits you!!
You die...

...................#
.........☼§○§○☼○○☼○#
.........§§§○§○§§☼§#
.........☼§☼§☼§§§☼○#
.........§§§§§☼§○§○# #
.........○§☼§§§☼§○§# §§§
.........§☼§§○§§○○§#§§§§
.........§☼○§☼§§o§○o§☼§§
.........§§○§§☼§@§o4oo.§
......○§§§○§☼)4§§oo☼○.
......☼§○○☼○§§§§§§§§§.
......§§○☼§§☼○§☼§§§§☼.
.....§☼§§§○☼§§○#§☼☼§.
.....☼○§§§☼§§○§#§○§☼
.....§§☼§○§§§§§# ###
.....☼☼§§§§§§☼§#
...............


You could see an orc warlord (strong), an orc knight (strong, extremely
poisoned), an ice devil (summoned), an orc sorcerer (strong), a red devil
(summoned), 2 orc warriors and 2 orcs.

Vanquished Creatures
  An orc warlord (Orc:1)
  Azrael (D:12)
  3 boulder beetles
  3 hydras
  3 catoblepae (Lair:5)
  3 two-headed ogres
  8 death yaks
  2 orc high priests
  Sonja (D:10)
  An orc knight (Orc:2)
  An oklob plant (Lair:2)
  A deep elf pyromancer (D:12)
  4 manticores
  An orc sorcerer (Orc:2)
  An ugly thing (D:11)
  A cyclops (D:11)
  3 black mambas (Lair:5)
  5 elephants (Lair:4)
  A merfolk siren (Lair:2)
  A gargoyle (D:10)
  8 cane toads
  An unseen horror (D:12)
  9 rime drakes
  4 komodo dragons
  2 torpor snails (Lair:4)
  2 polar bears
  Prince Ribbit (D:5)
  3 trolls
  5 slime creatures (D:11)
  5 blink frogs (Lair:4)
  5 dream sheep (Lair:5)
  Sigmund (D:5)
  2 shadows
  3 wyverns
  5 wraiths
  4 basilisks
  54 yaks
  Grum (D:9)
  2 fire elementals (D:12)
  A steam dragon (D:10)
  3 redbacks (Lair:3)
  2 wargs (D:9)
  3 hell hounds (D:12)
  The ghost of turdburglar the Cudgeller, an amateur VSFi (D:4)
  An acid dragon (D:11)
  2 ice beasts
  15 water moccasins
  4 black bears
  34 orc warriors
  2 sky beasts
  6 ogres
  13 centaurs
  14 wolves
  2 kobold brigands (D:9)
  8 bullfrogs
  2 necrophages
  A gnoll sergeant (D:12)
  2 scorpions (D:5)
  4 wights (D:10)
  5 killer bees (D:9)
  2 howler monkeys
  6 jellies
  11 orc priests
  Crazy Yiuf (D:4)
  2 gnoll boudas
  3 hounds
  2 iguanas
  14 orc wizards
  7 gnolls
  11 adders
  2 shadow imps
  3 white imps
  An ufetubus (D:5)
  2 worms (D:2)
  A dart slug (D:5)
  80 orcs
  7 bats
  6 endoplasms
  3 giant cockroaches
  8 goblins
  14 hobgoblins
  13 kobolds
  5 quokkas
  6 ball pythons
  6 frilled lizards
  8 rats
511 creatures vanquished.

Vanquished Creatures (others)
  9 fungi
  18 plants
27 creatures vanquished.

Grand Total: 538 creatures vanquished

Notes
Turn   | Place    | Note
-------+----------+-------------------------------------------
     0 | D:1      | Renzlar the Gnoll Fighter began the quest for the Orb.
     0 | D:1      | Reached XP level 1. HP: 23/23 MP: 1/1
    52 | D:1      | Reached XP level 2. HP: 29/29 MP: 2/2
   214 | D:1      | Found Koaj Mio's Book Boutique.
   354 | D:1      | Reached XP level 3. HP: 32/35 MP: 3/3
   524 | D:1      | Reached skill level 1 in Invocations
   952 | D:1      | Found a faded altar of an unknown god.
  1080 | D:2      | Reached skill level 1 in Short Blades
  1080 | D:2      | Reached skill level 1 in Long Blades
  1080 | D:2      | Reached skill level 1 in Maces & Flails
  1080 | D:2      | Reached skill level 1 in Polearms
  1080 | D:2      | Reached skill level 1 in Staves
  1080 | D:2      | Reached skill level 1 in Ranged Weapons
  1080 | D:2      | Reached skill level 1 in Throwing
  1080 | D:2      | Reached skill level 1 in Dodging
  1080 | D:2      | Reached skill level 1 in Stealth
  1080 | D:2      | Reached skill level 1 in Unarmed Combat
  1080 | D:2      | Reached skill level 1 in Spellcasting
  1080 | D:2      | Reached skill level 1 in Evocations
  1334 | D:2      | Reached XP level 4. HP: 41/41 MP: 5/5
  1583 | D:2      | Reached skill level 1 in Conjurations
  1583 | D:2      | Reached skill level 1 in Hexes
  1583 | D:2      | Reached skill level 1 in Summonings
  1583 | D:2      | Reached skill level 1 in Necromancy
  1583 | D:2      | Reached skill level 1 in Translocations
  1583 | D:2      | Reached skill level 1 in Transmutations
  1583 | D:2      | Reached skill level 1 in Fire Magic
  1583 | D:2      | Reached skill level 1 in Ice Magic
  1583 | D:2      | Reached skill level 1 in Air Magic
  1583 | D:2      | Reached skill level 1 in Earth Magic
  1583 | D:2      | Reached skill level 1 in Poison Magic
  1988 | D:3      | Reached XP level 5. HP: 47/47 MP: 7/7
  2068 | D:3      | Found an iron altar of Okawaru.
  2074 | D:3      | Became a worshipper of Warmaster Okawaru
  2423 | D:4      | Found a shimmering blue altar of Sif Muna.
  2425 | D:4      | Found a sacrificial altar of Ru.
  2575 | D:4      | Noticed an ogre
  2584 | D:4      | Killed an ogre
  2585 | D:4      | Reached skill level 5 in Axes
  2585 | D:4      | Reached XP level 6. HP: 27/53 MP: 7/9
  2811 | D:4      | Reached * piety under Okawaru
  3084 | D:4      | Noticed turdburglar's ghost (amateur VSFi)
  3085 | D:4      | Found a transporter.
  3089 | D:4      | Found a transporter.
  3102 | D:4      | Reached XP level 7. HP: 36/60 MP: 7/10
  3105 | D:4      | Killed turdburglar's ghost
  3110 | D:4      | Got the Vellum of Viperous Battle Magic
  3303 | D:4      | Found a blossoming altar of Fedhas.
  3395 | D:4      | Found a runed translucent door.
  3396 | D:4      | Noticed Crazy Yiuf
  3404 | D:4      | Killed Crazy Yiuf
  3606 | D:5      | Entered Level 5 of the Dungeon
  3626 | D:4      | Identified a scroll of acquirement
  3626 | D:4      | Acquired the +1 cloak of Somewhere Else {rN++ Regen+}
  3646 | D:5      | Found a staircase to the Ecumenical Temple.
  3720 | D:5      | Noticed Sigmund
  3728 | D:5      | Killed Sigmund
  3785 | D:5      | Reached XP level 8. HP: 64/67 MP: 12/12
  3796 | D:5      | Found Tuuthreri's Antique Weapon Boutique.
  3801 | D:5      | Noticed Prince Ribbit
  3818 | D:5      | Killed Prince Ribbit
  3818 | D:5      | Reached ** piety under Okawaru
  3825 | D:5      | Bought a sling for 37 gold pieces
  4323 | D:6      | Reached XP level 9. HP: 73/73 MP: 14/14
  4456 | D:6      | Reached *** piety under Okawaru
  4837 | D:7      | Found a white marble altar of Elyvilon.
  4844 | D:7      | Found a broken altar of Ashenzari.
  4864 | D:7      | Noticed a troll
  4880 | D:7      | Killed a troll
  5062 | D:7      | Learned a level 3 spell: Frozen Ramparts
  5086 | D:7      | Noticed a +0 falchion
  5087 | D:7      | Noticed a +0 spear
  5089 | D:7      | Noticed a +0 short sword
  5090 | D:7      | Noticed a +0 short sword
  5109 | D:7      | Noticed a +0 dagger
  5111 | D:7      | Noticed a +0 spear
  5112 | D:7      | Noticed a +0 dagger
  5112 | D:7      | Noticed a +0 falchion
  5114 | D:7      | Found a hide-covered altar of Uskayaw.
  5138 | D:7      | Reached skill level 5 in Invocations
  5151 | D:7      | Received a gift from Okawaru
  5288 | D:7      | Found a stormy altar of Qazlal.
  5308 | D:7      | Found a flagged portal.
  5317 | Bailey   | Entered a bailey
  5704 | Bailey   | Reached skill level 5 in Short Blades
  5704 | Bailey   | Reached skill level 5 in Long Blades
  5704 | Bailey   | Reached skill level 5 in Maces & Flails
  5704 | Bailey   | Reached skill level 5 in Polearms
  5704 | Bailey   | Reached skill level 5 in Staves
  5704 | Bailey   | Reached skill level 5 in Ranged Weapons
  5704 | Bailey   | Reached skill level 5 in Throwing
  5704 | Bailey   | Reached skill level 5 in Dodging
  5704 | Bailey   | Reached skill level 5 in Stealth
  5704 | Bailey   | Reached skill level 5 in Unarmed Combat
  5704 | Bailey   | Reached skill level 5 in Spellcasting
  5704 | Bailey   | Reached skill level 5 in Evocations
  5704 | Bailey   | Reached XP level 10. HP: 64/81 MP: 17/17
  6079 | Bailey   | Reached **** piety under Okawaru
  6425 | Bailey   | Identified the +0 robe of Wariness {rF++ rC- Int+5}
  7209 | D:8      | Identified the +1 robe of Mibrop {Str+2 Dex-4 SInv}
  7255 | D:8      | Found a shimmering altar of Xom.
  7638 | D:9      | Found a large runed translucent door.
  7639 | D:9      | Found a large runed translucent door.
  7651 | D:9      | Noticed Grum
  7754 | D:9      | Killed Grum
  7766 | D:9      | Found a staircase to the Lair.
  7798 | D:9      | Reached ***** piety under Okawaru
  8024 | D:9      | Found Sasybe's Armour Boutique.
  8026 | D:9      | Found Xopach's Distillery.
  8026 | D:9      | Found Soppolaogg's Antique Weapon Boutique.
  8027 | D:9      | Found Zahuken's Weapon Boutique.
  8038 | D:9      | Bought the +7 mace of the Wasp {flame, SInv} for 670 gold
                  | pieces
  8092 | D:9      | Noticed a two-headed ogre
  8102 | D:9      | Killed a two-headed ogre
  8103 | D:9      | Reached skill level 5 in Conjurations
  8103 | D:9      | Reached skill level 5 in Hexes
  8103 | D:9      | Reached skill level 5 in Summonings
  8103 | D:9      | Reached skill level 5 in Necromancy
  8103 | D:9      | Reached skill level 5 in Translocations
  8103 | D:9      | Reached skill level 5 in Transmutations
  8103 | D:9      | Reached skill level 5 in Fire Magic
  8103 | D:9      | Reached skill level 5 in Ice Magic
  8103 | D:9      | Reached skill level 5 in Air Magic
  8103 | D:9      | Reached skill level 5 in Earth Magic
  8103 | D:9      | Reached skill level 5 in Poison Magic
  8103 | D:9      | Reached XP level 11. HP: 53/89 MP: 16/20
  8408 | D:9      | Found a glowing golden altar of the Shining One.
  8421 | D:9      | Found a burning altar of Makhleb.
  8421 | D:9      | Noticed a two-headed ogre
  8441 | D:9      | Killed a two-headed ogre
  8441 | D:9      | Received a gift from Okawaru
  8488 | D:10     | Entered Level 10 of the Dungeon
  8805 | D:10     | Received a gift from Okawaru
  8850 | D:10     | Found Ucaruqi's Assorted Antiques.
  8893 | D:10     | Acquired the +10 trident "Dragon's Undoing" {vamp, rElec
                  | rN++}
  8972 | D:10     | Noticed Sonja
  8973 | D:10     | Killed Sonja
  9154 | D:10     | Noticed a two-headed ogre
  9165 | D:10     | Killed a two-headed ogre
  9402 | D:10     | Found a sparkling altar of Nemelex Xobeh.
  9402 | D:10     | Found a transporter.
  9402 | D:10     | Noticed a yaktaur captain
  9403 | D:10     | Noticed a manticore
  9504 | Lair:1   | Entered Level 1 of the Lair of Beasts
  9722 | Lair:1   | Reached XP level 12. HP: 93/97 MP: 22/22
  9750 | Lair:1   | Received a gift from Okawaru
 10514 | Lair:2   | Received a gift from Okawaru
 10553 | Lair:2   | Reached skill level 10 in Fighting
 10553 | Lair:2   | Reached skill level 10 in Armour
 10553 | Lair:2   | Reached skill level 10 in Shields
 10760 | Lair:2   | Found a staircase to the Shoals.
 10777 | Lair:2   | Identified the +9 short sword of Intuition {holy, Will++
                  | Str-3} (Okawaru gifted it to you on level 2 of the Lair of
                  | Beasts)
 10777 | Lair:2   | Received a gift from Okawaru
 10838 | Lair:2   | Noticed a death yak
 10838 | Lair:2   | Noticed a death yak
 10840 | Lair:2   | Noticed a death yak
 10857 | Lair:2   | Killed a death yak
 10867 | Lair:2   | Killed a death yak
 10877 | Lair:2   | Killed a death yak
 11682 | Lair:3   | Identified the +7 rapier of Okawaru, Enchanting {vorpal,
                  | *Rage rF- Str+2 Int+8} (Okawaru gifted it to you on level 3
                  | of the Lair of Beasts)
 11682 | Lair:3   | Received a gift from Okawaru
 11774 | Lair:3   | Identified the +1 scale mail of Nivos {*Corrode Fly rPois
                  | Regen+}
 12086 | Lair:3   | Noticed a boulder beetle
 12107 | Lair:3   | Killed a boulder beetle
 12185 | Lair:3   | Learned a level 3 spell: Portal Projectile
 12203 | Lair:3   | Reached XP level 13. HP: 104/104 MP: 25/25
 12247 | Lair:3   | Found a hole to the Spider Nest.
 12400 | Lair:4   | Reached ****** piety under Okawaru
 12651 | Lair:4   | Identified the +7 plate armour "Lean" {rPois rCorr Dex-3
                  | Stlth-} (Okawaru gifted it to you on level 4 of the Lair of
                  | Beasts)
 12651 | Lair:4   | Received a gift from Okawaru
 12895 | Lair:4   | Found a runed translucent door.
 12901 | Lair:4   | Found a staircase to the Slime Pits.
 13078 | Lair:4   | Found the +4 skin of Zhor {*Englaciate rC+++ SInv}
 13266 | Lair:5   | Entered Level 5 of the Lair of Beasts
 13416 | Lair:5   | Reached skill level 10 in Axes
 13796 | Lair:5   | Learned a level 4 spell: Anguish
 14032 | Lair:5   | Identified the +1 kite shield of Sunlight {SInv} (Okawaru
                  | gifted it to you on level 5 of the Lair of Beasts)
 14032 | Lair:5   | Received a gift from Okawaru
 14186 | Lair:5   | Reached skill level 10 in Invocations
 14186 | Lair:5   | Reached XP level 14. HP: 93/113 MP: 27/27
 15027 | D:11     | Found the +2 ratskin cloak {*Rats rPois rN+ Str-1 Int-1
                  | Dex+1}
 15205 | D:11     | Identified the +0 crystal plate armour "Wulloos" {rC+
                  | rCorr} (Okawaru gifted it to you on level 11 of the
                  | Dungeon)
 15205 | D:11     | Received a gift from Okawaru
 15580 | D:12     | Noticed Azrael
 15604 | D:12     | Killed Azrael
 15656 | D:12     | Identified the +1 whip of Indignation {spect, *Rage rPois
                  | rC++}
 15891 | D:12     | Found a staircase to the Orcish Mines.
 16224 | Orc:1    | Entered Level 1 of the Orcish Mines
 16232 | Orc:1    | Noticed an orc warlord
 16358 | Orc:1    | Killed an orc warlord
 16566 | Orc:2    | Entered Level 2 of the Orcish Mines
 17070 | Orc:2    | Found a staircase to the Elven Halls.
 17168 | Orc:2    | Noticed an orc warlord
 17184 | Orc:2    | Killed from afar by an orc sorcerer

Illustrated notes

Levels and vault maps discovered:
D:1:      dpeg_arrival_solitude, layout_loops_corners,
          shapermc_ecumenical_altar_petra, serial_shops, shop, minmay_3d_cube
D:2:      layout_basic
D:3:      layout_loops_ring, okawaru_gym_becter
D:4:      layout_loops_ring, marbit_many_paths, nicolae_ru_awakened_eye,
          nicolae_sif_muna_condensation, gammafunk_ghost_smash,
          minmay_misc_feat_x, uniq_crazy_yiuf_cottage
D:5:      layout_rooms, minmay_temple_entry_statues_pillars, serial_shops,
          nicolae_shop_stone, uniq_sigmund, uniq_prince_ribbit1
D:6:      layout_cave_pools, serial_column_ruins,
          column_ruins_courtyard_long_water, column_ruins_columns_T,
          column_ruins_open_tiny, column_ruins_open_medium,
          column_ruins_corridor_dead_end, column_ruins_open_medium
D:7:      layout_rooms, nicolae_uskayaw_en_pointe, mainiacjoe_overflow_catwalk,
          kennysheep_little_box, mainiacjoe_overflow_boulevard, enter_bailey_2,
          kennysheep_dice
D:8:      layout_basic, tgw_xom
D:9:      layout_long_grid, jmf_multi_god_temple2, erik_lair_orcish_takeover,
          minmay_shop_grid_forest, uniq_grum
D:10:     layout_gridville, grunt_nemelex_the_gamble, serial_shops,
          nicolae_diamond_shop, grunt_decor_junction, minivault_1, uniq_sonja
D:11:     layout_cave_pools, glass_columns_a
D:12:     layout_roguey, orc_0_dummy, uniq_azrael
Lair:1:   layout_cellular_growth
Lair:2:   layout_cave_pods, minmay_shoals_entry_lonely_mermaid,
          grunt_megastairs_3
Lair:3:   layout_regular_city, spider_nest_entry_webs, grunt_megastairs_1
Lair:4:   layout_roguey, slime_entry_2, hellmonk_guarded_unrand_zhor
Lair:5:   evilmike_catoblepas_cave, layout_cave_pods
Orc:1:    layout_caves
Orc:2:    st_orc_congregation, layout_diamond_mine, basic_altar

Skill      XL: |  1  2  3  4  5  6  7  8  9 10 11 12 13 14 |
---------------+-------------------------------------------+-----
Invocations    | 1 2 3 4 5 6 7 8 10 | 10.7
Short Blades   | 1 2 3 5 6 7 8 9 |  9.8
Long Blades    | 1 2 3 5 6 7 8 9 |  9.8
Maces & Flails | 1 2 3 5 6 7 8 9 |  9.8
Polearms       | 1 2 3 5 6 7 8 9 |  9.8
Staves         | 1 2 3 5 6 7 8 9 |  9.8
Ranged Weapons | 1 2 3 5 6 7 8 9 |  9.8
Throwing       | 1 2 3 5 6 7 8 9 |  9.8
Dodging        | 1 2 3 5 6 7 8 9 |  9.8
Stealth        | 1 2 3 5 6 7 8 9 |  9.8
Unarmed Combat | 1 2 3 5 6 7 8 9 |  9.8
Spellcasting   | 1 2 3 5 6 7 8 9 |  9.8
Evocations     | 1 2 3 5 6 7 8 9 |  9.8
Conjurations   | 1 2 3 4 5 6 7 8 |  8.2
Hexes          | 1 2 3 4 5 6 7 8 |  8.2
Summonings     | 1 2 3 4 5 6 7 8 |  8.2
Necromancy     | 1 2 3 4 5 6 7 8 |  8.2
Translocations | 1 2 3 4 5 6 7 8 |  8.2
Transmutations | 1 2 3 4 5 6 7 8 |  8.2
Fire Magic     | 1 2 3 4 5 6 7 8 |  8.2
Ice Magic      | 1 2 3 4 5 6 7 8 |  8.2
Air Magic      | 1 2 3 4 5 6 7 8 |  8.2
Earth Magic    | 1 2 3 4 5 6 7 8 |  8.2
Poison Magic   | 1 2 3 4 5 6 7 8 |  8.2
Axes           | 5 6 7 8 9 10 | 10.9
Fighting       | 7 8 9 10 11 | 11.7
Armour         | 7 8 9 10 11 | 11.7
Shields        | 7 8 9 10 11 | 11.7

Action                   |  1- 3 |  4- 6 |  7- 9 | 10-12 | 13-15 || total
-------------------------+-------+-------+-------+-------+-------++-------
Melee: War axe           |   107 |   103 |   156 |    60 |       ||   426
       Bite              |     5 |     3 |    21 |    63 |    88 ||   180
       Broad axe         |       |     3 |    17 |   157 |   321 ||   498
       Spear             |       |       |       |    16 |       ||    16
       Mace              |       |       |       |    79 |    34 ||   113
       Trident           |       |       |       |   175 |   149 ||   324
       Short sword       |       |       |       |     1 |     8 ||     9
       Rapier            |       |       |       |       |     3 ||     3
 Fire: Sling             |       |       |   176 |   377 |   210 ||   763
Throw: Stone             |     7 |     3 |     9 |       |       ||    19
       Dart              |       |     3 |     8 |     2 |     2 ||    15
 Cast: Anguish           |       |       |       |       |     3 ||     3
Invok: Heroism           |       |     1 |     3 |     1 |     2 ||     7
       Finesse           |       |       |       |       |     1 ||     1
Evoke: Wand              |       |       |       |     1 |       ||     1
  Use: Scroll            |     4 |     5 |    10 |    14 |     8 ||    41
       Potion            |       |     1 |       |       |     2 ||     3
 Stab: Confused          |       |       |       |     1 |       ||     1
       Sleeping          |       |       |       |       |     3 ||     3
Armor: Scale mail        |    34 |    38 |    84 |   179 |   190 ||   525
Dodge: Dodged            |    38 |    37 |    90 |   201 |   223 ||   589
Block: Buckler           |    33 |    29 |   128 |   270 |   142 ||   602
       Reflection        |       |       |     3 |     5 |    15 ||    23
       Kite shield       |       |       |       |       |   266 ||   266
